 Dungeon Sprint DCSS version bcrawl-1.26.1 (webtiles) character file.

Game seed: 3398138277227143105

3297009 MordorOrchid the Eclecticist (level 12, 0/82 HPs)
             Began as a Fairy Fire Elementalist on July 13, 2020.
             Was an Initiate of Gozag.
             Killed from afar by a golden dragon (18 damage)
             ... with a bolt of cold
             ... in the Dungeon (Sprint V: "Ziggurat Sprint").
             The game lasted 00:18:04 (636 turns).

MordorOrchid the Eclecticist (FrFE)                  Turns: 636, Time: 00:18:05

Health: 0/82       AC: 10    Str: 11    XL:     12   Next: 54%
Magic:  12/34      EV: 22    Int: 30    God:    Gozag
Gold:   1286       SH: 39    Dex: 17    Spells: 16/44 levels left

rFire    + + +     SeeInvis .   y - +8 lance "Wyrmbane" {slay drac, rPois rF+ rC+ AC+3}
rCold    + + .     Gourm    .   z - +18 shield of the Gong {rElec rN+ MR+ EV-5}
rNeg     + + .     Faith    .   (armour unavailable)
rPois    +         Spirit   .   (no helmet)
rElec    +         Reflect  .   (no cloak)
rCorr    +         Harm     .   (no gloves)
MR       ++++.     NoTele   +   (no boots)
Stlth    ++........             P - amulet of regeneration
HPRegen  0.59/turn              J - ring "Javute" {rF+ Str+5}
MPRegen  0.24/turn              j - ring "Bemy Yrots" {Wiz rPois rN+ MR++}

@: brilliant, agile, resistant, no potions, gold aura, flying evasively, very
slightly contaminated, invisible
A: small, magic attunement, unstealthy, unfitting armour, able to fly, AC/SH +7
a: Stop Flying, Potion Petition, Call Merchant, Bribe Branch, Renounce Religion


You were in the Dungeon.
You worshipped Gozag.
Gozag was most pleased with you.
You were not hungry.

You visited 1 branch You collected 1744 gold pieces.
You paid 458 gold pieces to Gozag.

Inventory:

Hand Weapons
 y - the +8 lance "Wyrmbane" (weapon) {slay drac, rPois rF+ rC+ AC+3}
   (You found it in the Dungeon)

   It affects your AC (+3).
   It protects you from fire.
   It protects you from cold.
   It protects you from poison.
 B - the +7 Singing Sword {slice}
   (You found it in the Dungeon)

   It will always inflict at least some extra damage.
   This minimum extra damage increases with your current reserve of magical
   power.
 G - a +5 quick blade
 I - the +11 flail of Gozag {chaos, rPois}
   (You found it in the Dungeon)

   Each time it hits an enemy it has a different, random effect.
   It protects you from poison.
Missiles
 b - 40 stones (quivered)
 F - 1086 arrows
Armour
 z - the +18 shield of the Gong (worn) {rElec rN+ MR+ EV-5}
   (You found it in the Dungeon)

   It affects your evasion (-5).
   It insulates you from electricity.
   It protects you from negative energy.
   It affects your resistance to hostile enchantments.
Magical Staves
 r - an uncursed staff of energy
 R - an uncursed staff of wizardry
Jewellery
 j - the ring "Bemy Yrots" (right hand) {Wiz rPois rN+ MR++}
   (You found it in the Dungeon)

   [ring of wizardry]

   It improves your spell success rate.
   It protects you from poison.
   It protects you from negative energy.
   It affects your resistance to hostile enchantments.
 l - the ring "Luicod" {+Blink rN++ MP+9 Str-3}
   (You found it in the Dungeon)

   [ring of magical power]

   It affects your strength (-3).
   It greatly protects you from negative energy.
   It affects your magic capacity (+9).
   It lets you blink.
 u - a +6 ring of intelligence
 v - a +6 ring of intelligence
 w - an uncursed amulet of the gourmand
 J - the ring "Javute" (left hand) {rF+ Str+5}
   (You found it in the Dungeon)

   [ring of strength]

   It affects your strength (+5).
   It protects you from fire.
 L - the ring "Uliomi" {+Fly rN+ MR- Int+3 SInv}
   (You found it in the Dungeon)

   [ring of flight]

   It affects your intelligence (+3).
   It protects you from negative energy.
   It affects your resistance to hostile enchantments.
   It lets you see invisible.
   It lets you fly.
 O - an uncursed ring of protection from cold
 P - an amulet of regeneration (around neck)
 Q - the ring of Xom's Whimsicality {rElec rF++ Str-3 Int+4}
   (You found it in the Dungeon)

   [ring of insulation]

   It affects your strength (-3).
   It affects your intelligence (+4).
   It greatly protects you from fire.
   It insulates you from electricity.
Wands
 o - a wand of disintegration (6)
 p - a wand of iceblast (4)
 q - a wand of acid (4)
Scrolls
 i - 3 scrolls of blinking
 t - 4 scrolls of amnesia
 A - 7 scrolls of fog
 C - 5 scrolls of identify
 D - 5 scrolls of remove curse
 E - 2 scrolls of fear
 N - 4 scrolls of enchant armour
Potions
 c - 10 potions of heal wounds
 d - 10 potions of curing
 f - 4 potions of haste
 g - 7 potions of magic
 h - 3 potions of berserk rage
 k - 4 potions of resistance
 m - 2 potions of agility
 n - 2 potions of might
Miscellaneous
 s - a lightning rod (4/4)
 x - a fan of gales (2/2)
 H - 2 phantom mirrors
 K - a phial of floods
 M - a lamp of fire
Comestibles
 e - 7 rations {!d}


   Skills:
 - Level 8.0 Fighting
 - Level 3.6 Polearms
 - Level 10.5 Dodging
 - Level 1.5 Stealth
 * Level 15.4 Shields
 + Level 16.5 Spellcasting
 + Level 14.9 Conjurations
 + Level 16.4 Fire Magic
 * Level 10.2 Ice Magic
 - Level 8.0 Evocations


You had 16 spell levels left.
You knew the following spells:

 Your Spells              Type           Power        Failure   Level  Hunger
a - Flame Tongue          Conj/Fire      #####        0%          1    None
b - Conjure Flame         Conj/Fire      #######.     1%          3    None
e - Sticky Flame          Conj/Fire      #######.     1%          4    None
f - Fireball              Conj/Fire      #######...   1%          5    None
o - Ozocubu's Refrigerat  Ice            #######...   1%          6    None
F - Fire Storm            Conj/Fire      #######...   47%         9    None

Your spell library contained the following spells:

 Spells                   Type           Power        Failure   Level  Hunger
 Apportation              Tloc           #####.       1%          1    None
 Sandblast                Erth           #####.       1%          1    None
 Sting                    Conj/Pois      ####         1%          1    None
 Summon Butterflies       Summ           #####...     1%          1    None
 Flaming Arrows           Chrm/Fire      #######.     1%          2    None
 Passwall                 Tmut/Erth      #####...     1%          2    None
 Poisonous Vapours        Pois/Air       #####.       1%          2    None
 Sublimation of Blood     Necr           #####.....   1%          2    None
 Beckoning                Tloc           #####.....   1%          3    None
 Dazzling Orbs            Conj/Hex       ######.      1%          3    None
 False Image              Hex/Summ       #####...     1%          3    None
 Ignite Poison            Fire/Tmut/Pois ######..     1%          3    None
 Inner Flame              Hex/Fire       N/A          1%          3    None
 Mephitic Cloud           Conj/Pois/Air  ######..     1%          3    None
 Stone Arrow              Conj/Erth      ######       1%          3    None
 Tukima's Dance           Hex            #####...     1%          3    None
 Venom Bolt               Conj/Pois      ######....   1%          5    None
 Steam Barrier            Chrm/Fire      #######...   3%          6    None
 Iron Shot                Conj/Erth      ######....   4%          6    None
 Olgreb's Toxic Radiance  Pois           #####....    5%          4    None
 Petrify                  Tmut/Erth      #####...     5%          4    None
 Summon Scorpions         Summ/Pois      #####...     5%          4    None
 Freezing Cloud           Ice/Air        ######....   9%          6    None
 Lee's Rapid Deconstruct  Erth           #####.....   13%         5    None
 Silence                  Hex/Air        #####.....   13%         5    None
 Summon Mana Viper        Hex/Summ       #####...     13%         5    None
 Invisibility             Hex            #####...     45%         6    None


Dungeon Overview and Level Annotations

Branches:
Dungeon (1/1)

Altars:
Ashenzari
Cheibriados
Dithmenos
Elyvilon
Fedhas
Gozag
Hepliaklqana
Kikubaaqudgha
Lugonu
Makhleb
Nemelex Xobeh
Okawaru
Qazlal
Ru
Sif Muna
Trog
Uskayaw
Vehumet
Wu Jian
Xom
Yredelemnul
Zin
The Shining One
Beogh
Jiyva

Annotations:
D 1 transporter


Innate Abilities, Weirdness & Mutations

Your spells do not cause hunger and MP costs are reduced by 1.
Your bright wings attract enemies. (Stealth-)
You cannot fit into any form of body armour.
Your shimmering scales are hard and can block incoming attacks. (AC +7, SH +7)
You are small and have problems with some larger weapons.
You can fly continuously.


Message History

The green draconians, the purple draconians and the golden dragon are frozen.
The green draconian is severely wounded.
The green draconian seems to slow down.
The purple draconian is severely wounded.
The golden dragon resists.
The golden dragon is lightly wounded.
You kill the green draconian!
Your Spellcasting skill increases to level 16!
The purple draconian is severely wounded.
The purple draconian seems to slow down.
You kill the green draconian!
Your Shields skill increases to level 15!
You kill the green draconian!
Your Ice Magic skill increases to level 10!
You block the purple draconian's attack.
PANG!
The golden dragon breathes cold at you. You resist. The bolt of cold hits you!!
You die...
Your body crumbles into a pile of gold.

▓..[|:[)..▓...}|.)..▓
▓..[)})}..▓...)..[..▓
▓.........▓.........▓
▓.........▓.........▓
▓....$....▓.........▓
▓....$...d▓.........▓
▓.....d...▓.▓.....▓.▓
▓.▓....$▓$▓....©....▓
▓....©dD@$▓▓▓▓▓▓▓▓▓▓▓
▓▓▓▓▓▓▓▓▓▓▓


You could see a golden dragon, a green draconian and 2 draconians.

Vanquished Creatures
  An Orb Guardian (D)
  3 green draconians (D)
  A black draconian (D)
  A hydra (D)
  An orc high priest (D)
  2 deep elf knights (D)
  A spriggan druid (D)
  A deep elf archer (D)
  6 deep elf magi (D)
  A moth of wrath (D)
  3 draconians (D)
  2 cane toads (D)
  A hellwing (D)
  A slime creature (D)
  2 spriggans (D)
  2 yaks (D)
  2 golden eyes (D)
  A basilisk (D)
  A small abomination (D)
  2 crocodiles (D)
  5 insubstantial wisps (D)
  2 porcupines (D)
  An eye of draining (D)
  A black bear (D)
  2 wolves (D)
  2 bullfrogs (D)
  A crimson imp (D)
  An iron imp (D)
  2 jellies (D)
  2 iguanas (D)
  A river rat (D)
  A shadow imp (D)
  An ufetubus (D)
  A jackal (D)
58 creatures vanquished.

Vanquished Creatures (others)
  2 dancing weapons (D)
2 creatures vanquished.

Grand Total: 60 creatures vanquished

Notes
Turn   | Place    | Note
-------+----------+-------------------------------------------
     0 | D        | MordorOrchid the Fairy Fire Elementalist began the quest
                  | for the Orb.
     0 | D        | Reached XP level 1. HP: 11/11 MP: 6/6
     0 | D        | Found a shimmering blue altar of Sif Muna.
     0 | D        | Found a sacrificial altar of Ru.
     0 | D        | Found a bloodstained altar of Trog.
     0 | D        | Found a stormy altar of Qazlal.
     0 | D        | Found an iron altar of Okawaru.
     0 | D        | Found a sparkling altar of Nemelex Xobeh.
     0 | D        | Found a blossoming altar of Fedhas.
     1 | D        | Found the +6 Majin-Bo {vamp, *Drain Str+12 Int+24}
     1 | D        | Found the +7 great mace "Firestarter" {inner flame, rF++}
     6 | D        | Found a corrupted altar of Lugonu.
     6 | D        | Found an ancient bone altar of Kikubaaqudgha.
     6 | D        | Found a burning altar of Makhleb.
     6 | D        | Found a transporter.
     6 | D        | Found a viscous altar of Jiyva.
     6 | D        | Found a hazy altar of Hepliaklqana.
    27 | D        | Found the +9 heavy crossbow "Sniper" {velocity, Acc+∞ SInv}
    27 | D        | Found the +10 dark maul {crush}
    27 | D        | Found the +15 Maxwell's patent armour {-Cast -Tele rElec
                  | MR+ rCorr}
    27 | D        | Found the +18 shield of the Gong {rElec rN+ MR+ EV-5}
    27 | D        | Found the cursed +14 obsidian axe {chop, +Fly SInv *Curse}
    37 | D        | Found the +6 shillelagh "Devastator" {shatter}
    37 | D        | Found the +11 plutonium sword {*Contam Stlth-}
    37 | D        | Found the +8 lance "Wyrmbane" {slay drac, rPois rF+ rC+
                  | AC+3}
    37 | D        | Found the +9 sword of Zonguldrok {reap}
    37 | D        | Found the cursed +13 scythe of Curses {drain, *Curse}
    37 | D        | Found the +0 sword of Power
    37 | D        | Found the +7 mace of Variability {chain chaos}
    37 | D        | Found the +7 Singing Sword {slice}
    37 | D        | Found the +7 longbow "Piercer" {penet, EV-2}
    43 | D        | Found an opulent altar of Gozag.
    60 | D        | Became a worshipper of Gozag Ym Sagoz the Greedy
    67 | D        | Reached XP level 2. HP: 23/23 MP: 7/7
    72 | D        | Entered arena 2.
    72 | D        | Noticed a small abomination
    72 | D        | Found a transporter.
    76 | D        | Killed a small abomination
    76 | D        | Reached skill level 5 in Spellcasting
    76 | D        | Reached XP level 3. HP: 27/27 MP: 7/11
    76 | D        | Reached XP level 4. HP: 34/34 MP: 8/13
    76 | D        | Reached XP level 5. HP: 38/38 MP: 8/14
    85 | D        | Entered arena 3.
    85 | D        | Noticed a draconian
    85 | D        | Noticed a draconian
    85 | D        | Noticed a draconian
    85 | D        | Found a transporter.
    86 | D        | Found the +7 great mace "Undeadhunter" {disrupt, rN+}
    95 | D        | Killed a draconian
    95 | D        | Reached skill level 5 in Evocations
    95 | D        | Reached XP level 6. HP: 44/44 MP: 10/19
    95 | D        | Reached XP level 7. HP: 49/49 MP: 10/20
    98 | D        | Killed a draconian
    98 | D        | Reached XP level 8. HP: 54/54 MP: 12/23
   102 | D        | Killed a draconian
   102 | D        | Reached skill level 10 in Shields
   102 | D        | Reached skill level 10 in Spellcasting
   110 | D        | Got the ring "Luicod" {+Blink rN++ MP+9 Str-3}
   114 | D        | Entered arena 4.
   114 | D        | Noticed a hellwing
   114 | D        | Found a transporter.
   128 | D        | Killed a hellwing
   142 | D        | Got the +11 flail of Gozag {chaos, rPois}
   149 | D        | Learned a level 5 spell: Fireball
   155 | D        | Learned a level 4 spell: Sticky Flame
   159 | D        | Learned a level 3 spell: Conjure Flame
   164 | D        | Entered arena 5.
   164 | D        | Noticed a deep elf archer
   164 | D        | Noticed a deep elf mage
   164 | D        | Noticed a deep elf mage
   164 | D        | Noticed an orc high priest
   164 | D        | Found a transporter.
   167 | D        | Killed an orc high priest
   167 | D        | Reached skill level 5 in Fighting
   167 | D        | Reached XP level 9. HP: 61/61 MP: 24/26
   167 | D        | Killed a deep elf mage
   167 | D        | Reached skill level 5 in Dodging
   171 | D        | Killed a deep elf archer
   171 | D        | Reached skill level 10 in Conjurations
   175 | D        | Killed a deep elf mage
   175 | D        | Reached XP level 10. HP: 48/68 MP: 25/28
   182 | D        | Got the ring "Bemy Yrots" {Wiz rPois rN+ MR++}
   187 | D        | Entered arena 6.
   187 | D        | Found a transporter.
   202 | D        | Reached skill level 15 in Fire Magic
   212 | D        | Entered arena 7.
   212 | D        | Noticed a spriggan druid
   216 | D        | Killed a spriggan druid
   219 | D        | Found a transporter.
   238 | D        | Got the ring "Javute" {rF+ Str+5}
   347 | D        | Entered arena 8.
   350 | D        | Reached skill level 1 in Polearms
   351 | D        | Found a transporter.
   376 | D        | Got the ring "Uliomi" {+Fly rN+ MR- Int+3 SInv}
   411 | D        | Entered arena 9.
   411 | D        | Noticed a cane toad
   411 | D        | Noticed a cane toad
   412 | D        | Found the +7 Kryia's mail coat {PotionHeal*2 rC+ RMsl}
   413 | D        | Killed a cane toad
   415 | D        | Killed a cane toad
   415 | D        | Reached XP level 11. HP: 74/74 MP: 13/30
   417 | D        | Found a transporter.
   477 | D        | Entered arena 10.
   477 | D        | Noticed a deep elf knight
   477 | D        | Noticed a deep elf mage
   477 | D        | Noticed a deep elf mage
   477 | D        | Noticed a deep elf mage
   477 | D        | Noticed a deep elf mage
   477 | D        | Noticed a deep elf knight
   477 | D        | Noticed a +2 trident of protection
   477 | D        | Noticed a +1 morningstar of holy wrath
   479 | D        | Killed a deep elf knight
   480 | D        | Killed a deep elf mage
   484 | D        | Killed a +1 morningstar of holy wrath
   486 | D        | Killed a deep elf knight
   486 | D        | Reached skill level 10 in Dodging
   486 | D        | Killed a +2 trident of protection
   487 | D        | Killed a deep elf mage
   492 | D        | Found a transporter.
   501 | D        | Killed a deep elf mage
   502 | D        | Killed a deep elf mage
   502 | D        | Reached skill level 15 in Spellcasting
   528 | D        | Got the Handbook of Combat Magic and Hexes
   532 | D        | Got the ring of Xom's Whimsicality {rElec rF++ Str-3 Int+4}
   542 | D        | Learned a level 6 spell: Ozocubu's Refrigeration
   548 | D        | Entered arena 11.
   548 | D        | Noticed a four-headed hydra
   549 | D        | Reached skill level 1 in Ice Magic
   553 | D        | Killed a four-headed hydra
   554 | D        | Found a transporter.
   576 | D        | Got the Reference Book on Enchantment and Heat
   587 | D        | Learned a level 9 spell: Fire Storm
   607 | D        | Entered arena 12.
   607 | D        | Noticed a green draconian
   607 | D        | Noticed an Orb Guardian
   607 | D        | Noticed a moth of wrath
   607 | D        | Noticed a black draconian
   607 | D        | Noticed a green draconian
   608 | D        | Noticed a green draconian
   608 | D        | Noticed a golden dragon
   608 | D        | Noticed a purple draconian
   609 | D        | Identified the +0 halberd of Suiwkira {holy, MR+ Int+2}
   609 | D        | Noticed a purple draconian
   609 | D        | Noticed a green draconian
   610 | D        | Killed a moth of wrath
   610 | D        | Found a transporter.
   614 | D        | Killed an Orb Guardian
   614 | D        | Reached XP level 12. HP: 66/82 MP: 3/33
   635 | D        | Killed a black draconian
   636 | D        | Killed a green draconian
   636 | D        | Killed a green draconian
   636 | D        | Reached skill level 15 in Shields
   636 | D        | Killed a green draconian
   636 | D        | Reached skill level 10 in Ice Magic
   636 | D        | Killed from afar by a golden dragon

Skill      XL: |  1  2  3  4  5  6  7  8  9 10 11 12 |
---------------+-------------------------------------+-----
Fighting       | 4 5 6 8 |  8.0
Shields        | 6 7 8 9 10 11 12 14 15 | 15.4
Spellcasting   | 5 8 9 11 12 13 15 16 | 16.5
Conjurations   | 4 6 7 9 10 11 14 | 14.9
Fire Magic     | 6 9 11 13 14 15 16 | 16.4
Evocations     | 2 5 6 8 |  8.0
Dodging        | 4 6 9 10 | 10.5
Polearms       | 2 3 |  3.6
Ice Magic      | 8 10 | 10.2
Stealth        | |  1.5

Action                   |  1- 3 |  4- 6 |  7- 9 | 10-12 || total
-------------------------+-------+-------+-------+-------++-------
Melee: Lance             |     4 |     8 |    31 |    41 ||    84
 Cast: Fireball          |       |       |       |    32 ||    32
       Sticky Flame      |       |       |       |     1 ||     1
       Ozocubu's Refrige |       |       |       |     3 ||     3
Invok: Potion Petition   |       |       |       |     3 ||     3
Evoke: Wand              |       |       |     3 |     4 ||     7
  Use: Potion            |     5 |       |     4 |     9 ||    18
       Scroll            |       |       |       |     1 ||     1
 Stab: Invisible         |       |     1 |     3 |     3 ||     7
       Sleeping          |       |     1 |       |       ||     1
Armor: Skin              |       |       |     1 |     2 ||     3
Dodge: Dodged            |       |       |     2 |    25 ||    27
Block: Medium shield     |     1 |     2 |    18 |    46 ||    67
